 Dungeon Crawl Stone Soup version 0.24.1-4-ge52af88ad5 (webtiles) character file.

Game seed: 12069587736297910385, levelgen mode: deterministic

2756 raph the Transmogrifier (level 9, -12/64 HPs)
             Began as a White Draconian Transmuter on Apr 21, 2020.
             Was a Follower of Sif Muna.
             Mangled by Gastronok (20 damage)
             ... on level 8 of the Dungeon.
             The game lasted 00:21:37 (7920 turns).

raph the Transmogrifier (DrTm)                      Turns: 7920, Time: 00:21:38

Health: -12/64     AC: 11    Str: 13    XL:     9   Next: 41%
Magic:  13/16      EV: 14    Int: 20    God:    Sif Muna [*.....]
Gold:   366        SH:  0    Dex: 14    Spells: 0/18 levels left

rFire    . . .     SeeInvis .     - Unarmed
rCold    + . .     Gourm    .   (shield currently unavailable)
rNeg     . . .     Faith    .   (armour unavailable)
rPois    .         Spirit   .   i - +2 hat
rElec    .         Reflect  .   (no cloak)
rCorr    .         Harm     +   (gloves currently unavailable)
MR       .....                  d - +1 pair of boots (curse)
Stlth    +.........             A - amulet of harm
HPRegen  0.20/turn              e - +6 ring of intelligence
MPRegen  0.15/turn              f - ring of wizardry

@: blade hands (expiring), hasted and slowed
A: breathe frost, unfitting armour, cold resistance 1, cold-blooded, AC +7
a: Breathe Frost, End Transformation, Channel Magic, Renounce Religion


You were on level 8 of the Dungeon.
You worshipped Sif Muna.
Sif Muna was aware of your devotion.
You were not hungry.
You had blades for hands.
You visited 2 branches of the dungeon, and saw 9 of its levels.
You also visited: Ossuary.

You collected 366 gold pieces.

Inventory:

Missiles
 a - 112 arrows
 b - 205 stones (quivered)
 o - a throwing net
Armour
 d - a cursed +1 pair of boots (worn)
 i - a +2 hat (worn)
 l - a +1 pair of gloves (melded)
Jewellery
 e - a +6 ring of intelligence (left scythe-like blade)
 f - a ring of wizardry (right scythe-like blade)
 m - an uncursed ring of ice
 r - an uncursed ring of wizardry
 v - a +3 ring of intelligence
 A - an amulet of harm (around neck)
 F - an uncursed ring of protection from fire
Wands
 s - a wand of digging (6)
 B - a wand of disintegration (13)
 H - a wand of scattershot (6)
Scrolls
 k - a scroll of fear
 q - 6 scrolls of teleportation
 w - 3 scrolls of amnesia
 C - 2 scrolls of identify
 I - 2 scrolls of remove curse
Potions
 g - 4 potions of magic
 h - a potion of might
 j - 3 potions of haste
 n - 9 potions of curing
 p - a potion of resistance {unknown}
 t - 3 potions of lignification {unknown}
 u - 2 potions of mutation {unknown}
 x - a potion of berserk rage {unknown}
 z - 2 potions of agility {unknown}
 G - a potion of invisibility {unknown}
Comestibles
 c - 11 rations
 D - 3 chunks of flesh


   Skills:
 + Level 1.1 Fighting
 + Level 3.7 Dodging
 + Level 6.6 Unarmed Combat
 + Level 5.2 Spellcasting
 + Level 0.0 Necromancy
 - Level 9.0 Transmutations
 - Level 4.2 Ice Magic
 + Level 0.0 Invocations


You couldn't memorise any spells.
You knew the following spells:

 Your Spells              Type           Power        Failure   Level  Hunger
a - Beastly Appendage     Tmut           #####.       4%          1    None
b - Sticks to Snakes      Tmut           #####...     4%          2    None
c - Blade Hands           Tmut           #####.....   17%         5    #####..
d - Ice Form              Ice/Tmut       ####....     17%         4    ####...
e - Blink                 Tloc           N/A          28%         2    None
f - Magic Dart            Conj           #...         22%         1    None
g - Regeneration          Chrm/Necr      #.........   43%         3    ##.....

Your spell library contained the following spells:

 Spells                   Type           Power        Failure   Level  Hunger
 Spider Form              Tmut/Pois      ###.......   14%         3    ##.....
 Animate Skeleton         Necr           N/A          22%         1    None
 Pain                     Necr           #...         22%         1    None
 Call Imp                 Summ           #.......     28%         2    None
 Slow                     Hex            #.......     28%         2    None
 Conjure Flame            Conj/Fire      #.......     43%         3    ##.....
 Mephitic Cloud           Conj/Pois/Air  #.......     43%         3    ##.....
 Vampiric Draining        Necr           #.........   43%         3    ##.....
 Animate Dead             Necr           N/A          73%         4    ####...


Dungeon Overview and Level Annotations

Branches:
Dungeon (8/15)             Temple (1/1) D:5         Ossuary (visited)
   Lair: D:8-11

Altars:
Ashenzari
Cheibriados
Elyvilon
Fedhas
Gozag
Hepliaklqana
Kikubaaqudgha
Makhleb
Okawaru
Qazlal
Ru
Sif Muna
Trog
Uskayaw
Vehumet
Wu Jian
Xom
Yredelemnul
Zin
The Shining One

Annotations:
D:8 Gastronok


Innate Abilities, Weirdness & Mutations

You can breathe waves of freezing cold.
You can buffet flying creatures when you breathe cold.
Your icy white scales are hard. (AC +7)
You cannot fit into any form of body armour.
Your flesh is cold resistant. (rC+)
You are cold-blooded and may be slowed by cold attacks.


Message History

Gastronok is heavily wounded.
The jackal bites you but does no damage.
A jackal comes into view.
The jackal bites you but does no damage.
Gastronok bites you!!
Unknown command.
You hit Gastronok. You tail-slap Gastronok.
Gastronok is heavily wounded.
The jackal bites you but does no damage.
The jackal barely misses you.
Unknown command.
You slash Gastronok!
Gastronok is heavily wounded.
The jackal barely misses you. Gastronok bites you!!
* * * LOW HITPOINT WARNING * * *
The jackal barely misses you.
You feel yourself speed up.
Your transformation is almost over.
The jackal misses you. The jackal barely misses you. Gastronok bites you!
You die...

##.###.#.# ...
##........##...
..?............
...............
.............
......hyhh##...
#.....hyh....h.
#.#####h#.#####
#@# .. #w# ##
#.# #.# ... >.#
###


You could see Gastronok, 2 killer bees and 6 jackals.

Vanquished Creatures
  Pikel (D:7)
  A hungry ghost (D:7)
  2 ice beasts
  2 sky beasts
  A phantom (D:4)
  An ogre (D:4)
  3 bullfrogs
  7 scorpions
  4 wights (D:7)
  3 crimson imps
  2 centaur zombies (Ossuary)
  A hound (D:6)
  An orc priest (D:5)
  3 human zombies (Ossuary)
  An orc wizard (D:5)
  2 iguanas (D:7)
  4 worker ants
  3 big kobold zombies (Ossuary)
  A hound zombie (D:6)
  3 hound skeletons (D:4)
  3 mummies (Ossuary)
  A worker ant zombie (D:6)
  9 adders
  5 gnolls
  4 scorpion zombies (Ossuary)
  2 oozes
  An adder zombie (D:5)
  A dart slug (D:2)
  5 leopard geckos
  20 orcs
  6 giant cockroaches
  4 goblins
  5 hobgoblins
  9 jackals
  2 quokkas
  A ball python (D:2)
  6 bats (D:1)
  6 frilled lizards
  A goblin zombie (Ossuary)
  4 hobgoblin zombies (Ossuary)
  A jackal zombie (D:5)
  4 kobolds
  2 kobold zombies (Ossuary)
  2 orc zombies (Ossuary)
  8 rats
158 creatures vanquished.

Vanquished Creatures (others)
  A gnoll (D:7)
1 creature vanquished.

Grand Total: 159 creatures vanquished

Notes
Turn   | Place    | Note
-------+----------+-------------------------------------------
     0 | D:1      | raph the Draconian Transmuter began the quest for the Orb.
     0 | D:1      | Reached XP level 1. HP: 16/16 MP: 3/3
   467 | D:1      | Reached XP level 2. HP: 18/23 MP: 3/5
   529 | D:1      | Learned a level 2 spell: Sticks to Snakes
   658 | D:1      | Reached skill level 3 in Transmutations
   857 | D:2      | Reached XP level 3. HP: 28/28 MP: 4/6
  1314 | D:2      | Reached XP level 4. HP: 35/35 MP: 5/7
  1402 | D:2      | Reached skill level 4 in Transmutations
  2499 | D:3      | Found a shimmering altar of Xom.
  2540 | D:3      | Reached XP level 5. HP: 31/40 MP: 6/8
  2626 | D:3      | Learned a level 5 spell: Blade Hands
  2687 | D:3      | You fall into a shaft and drop 1 floor!
  2719 | D:4      | Noticed a phantom
  2721 | D:4      | Found a hazy altar of Hepliaklqana.
  2751 | D:4      | Killed a phantom
  2751 | D:4      | Reached skill level 5 in Transmutations
  2823 | D:4      | Found a radiant altar of Vehumet.
  2823 | D:4      | Found a glowing golden altar of the Shining One.
  2825 | D:4      | Found an ornate altar of the Wu Jian Council.
  2825 | D:4      | Found a blossoming altar of Fedhas.
  2862 | D:4      | Found a burning altar of Makhleb.
  2863 | D:4      | Found a glowing silver altar of Zin.
  2983 | D:4      | Reached XP level 6. HP: 47/47 MP: 7/9
  3150 | D:4      | Reached skill level 6 in Transmutations
  3841 | D:4      | Noticed a sky beast
  3847 | D:4      | Killed a sky beast
  3847 | D:4      | Reached skill level 7 in Transmutations
  3937 | D:5      | Entered Level 5 of the Dungeon
  3965 | D:5      | Your scales start taking on an icy white colour.
  3965 | D:5      | Reached XP level 7. HP: 52/52 MP: 4/10
  3965 | D:5      | Gained mutation: Your flesh is cold resistant. (rC+) [White
                  | Draconian growth]
  4172 | D:5      | Found a staircase to the Ecumenical Temple.
  4178 | Temple   | Entered the Ecumenical Temple
  4366 | Temple   | Became a worshipper of Sif Muna the Loreminder
  4447 | D:5      | Found a sand-covered staircase.
  4458 | Ossuary  | Entered an ossuary
  5018 | Ossuary  | Reached skill level 5 in Unarmed Combat
  5023 | Ossuary  | Reached * piety under Sif Muna
  5023 | Ossuary  | Reached XP level 8. HP: 31/59 MP: 0/13
  5231 | Ossuary  | Reached skill level 8 in Transmutations
  5599 | D:5      | Learned a level 4 spell: Ice Form
  5659 | D:5      | Learned a level 2 spell: Blink
  5661 | D:5      | Learned a level 1 spell: Magic Dart
  6051 | D:6      | Found an iron altar of Okawaru.
  6195 | D:6      | Reached skill level 1 in Ice Magic
  6847 | D:7      | Reached XP level 9. HP: 26/64 MP: 14/16
  7449 | D:7      | Noticed Pikel
  7455 | D:7      | Killed Pikel
  7455 | D:7      | Reached skill level 5 in Spellcasting
  7455 | D:7      | Reached skill level 9 in Transmutations
  7767 | D:7      | Identified a scroll of acquirement
  7773 | D:7      | Learned a level 3 spell: Regeneration
  7909 | D:8      | Noticed Gastronok
  7920 | D:8      | Mangled by Gastronok

Levels and vault maps discovered:
D:1:      dpeg_arrival_connections, layout_rooms
D:2:      layout_basic, minmay_misc_feat_cross
D:3:      layout_rooms, old_standard_altar, first_ration, st_stairs_1,
          grunt_decor_mini_mirrors
D:4:      layout_basic, grunt_temple_overflow_open
D:5:      layout_basic, minmay_temple_entry_fiery,
          nicolae_ossuary_entry_monument
D:6:      cheibrodos_iron_armory, layout_basic, okawaru_ov_weapons_minmay,
          kennysheep_generic_room_3
D:7:      layout_basic, uniq_pikel
D:8:      layout_basic, kennysheep_mini, erik_lair_orcish_takeover, basic_altar,
          uniq_gastronok, uniq_erica
Temple:   minmay_temple_curvy_loop

Skill      XL: |  1  2  3  4  5  6  7  8  9 |
---------------+----------------------------+-----
Transmutations | 3 4 5 7 8 9 |  9.0
Unarmed Combat | 4 5 6 |  6.6
Spellcasting   | 3 4 5 |  5.2
Ice Magic      | 3 4 |  4.2
Dodging        | 3 |  3.7
Fighting       | |  1.1

Action                   |  1- 3 |  4- 6 |  7- 9 || total
-------------------------+-------+-------+-------++-------
Melee: Unarmed           |   110 |   202 |   293 ||   605
       Tailslap          |    10 |    17 |    29 ||    56
       Punch             |     1 |     1 |     2 ||     4
       Kick              |    10 |    13 |       ||    23
       Headbutt          |     6 |    13 |    15 ||    34
Throw: Stone             |       |     1 |       ||     1
 Cast: Beastly Appendage |    20 |    20 |    10 ||    50
       Blade Hands       |       |     9 |    25 ||    34
       Ice Form          |       |       |     1 ||     1
 Abil: Breathe Frost     |       |       |     1 ||     1
  Use: Scroll            |       |     6 |    11 ||    17
       Potion            |       |     1 |     1 ||     2
 Stab: Sleeping          |       |     1 |       ||     1
  Eat: Chunk             |     2 |    11 |    16 ||    29
       Ration            |       |       |     2 ||     2
Armor: Skin              |    28 |    61 |   104 ||   193
Dodge: Dodged            |    93 |   112 |   134 ||   339
